 Dungeon Crawl Stone Soup version 0.27-a0-1500-g450c7e4133 (console) character file.

Game seed: 14654073115513034072

201698 13572468 the Sorcerer (level 17, -9/80 HPs)
             Began as a Deep Elf Conjurer on July 7, 2021.
             Was the Champion of Vehumet.
             Mangled by a +2 vampiric battleaxe (17 damage)
             ... on level 1 of the Elven Halls.
             The game lasted 02:24:57 (45350 turns).

13572468 the Sorcerer (Deep Elf Conjurer)          Turns: 45350, Time: 02:24:58

Health: -9/80      AC: 12    Str:  4    XL:     17   Next: 92%
Magic:  16/66      EV: 13    Int: 31    God:    Vehumet [******]
Gold:   170        SH:  0    Dex: 13    Spells: 5/66 levels left

rFire    . . .     SeeInvis .   a - staff of conjuration
rCold    . . .     Faith    .   (no shield)
rNeg     + . .     Spirit   .   B - +2 robe {Will+}
rPois    .         Reflect  .   H - +0 helmet
rElec    .         Harm     .   C - +2 cloak
rCorr    .         Rampage  .   G - +0 pair of gloves of Daffodils {rN+ Stlth+}
Will     ++...                  S - +2 pair of boots
Stlth    +++.......             O - amulet of magic regeneration
HPRegen  0.23/turn              L - ring of magical power
MPRegen  0.65/turn              R - ring of magical power

@: no status effects
A: no striking features
}: 1/15 runes: gossamer
a: Renounce Religion


You were on level 1 of the Elven Halls.
You worshipped Vehumet.
Vehumet was exalted by your worship.
You visited 7 branches of the dungeon, and saw 30 of its levels.
You also visited: Sewer and Ice Cave.

You collected 3772 gold pieces.
You spent 3602 gold pieces at shops.

Inventory:

Hand Weapons
 h - the +8 falchion "Caareq" {drain, rF- rN+ rCorr}
   (You found it on level 9 of the Dungeon)

   A truly terrible weapon, it drains the life of those it strikes.
   rF:        It makes you vulnerable to fire.
   rN:        It protects you from negative energy.
   rCorr:     It protects you from acid and corrosion.
Armour
 y - a +2 robe of cold resistance
 B - a +2 robe of willpower (worn)
 C - a +2 cloak (worn)
 G - the +0 pair of gloves of Daffodils (worn) {rN+ Stlth+}
   (You found it in an ice cave)

   rN:        It protects you from negative energy.
   Stlth:     It makes you more stealthy.
 H - a +0 helmet (worn)
 S - a +2 pair of boots (worn)
 T - a +2 kite shield of cold resistance
Magical Staves
 a - a staff of conjuration (weapon)
 b - a staff of cold
Jewellery
 c - a ring of protection from cold
 f - a ring of protection from fire
 k - a ring of ice
 o - the ring of Ymehoom {rElec AC+4}
   (You bought it in a shop on level 2 of the Orcish Mines)

   [ring of protection]

   AC:        It affects your AC (+4).
   rElec:     It insulates you from electricity.
 p - a ring of wizardry
 r - a ring of flight
 I - the ring "Zeungufo" {rPois Will+ Dex+3 SInv}
   (You acquired it on level 15 of the Dungeon)

   [ring of see invisible]

   Dex:       It affects your dexterity (+3).
   rPois:     It protects you from poison.
   SInv:      It lets you see invisible.
   Will:      It increases your willpower.
 L - a ring of magical power (left hand)
 O - an amulet of magic regeneration (around neck)
 R - a ring of magical power (right hand)
Wands
 v - a wand of acid (9)
 D - a wand of digging (17)
 V - a wand of iceblast (32)
Scrolls
 i - 18 scrolls of identify
 l - 6 scrolls of fog
 m - 4 scrolls of magic mapping
 n - 2 scrolls of silence
 s - 2 scrolls of enchant weapon
 x - 10 scrolls of teleportation
 A - 7 scrolls of amnesia
 E - 5 scrolls of enchant armour
 F - 2 scrolls of fear
Potions
 d - 2 potions of cancellation
 e - 4 potions of haste
 g - 4 potions of flight
 j - a potion of invisibility
 q - 14 potions of curing
 t - 6 potions of brilliance
 u - 3 potions of mutation
 w - a potion of resistance
 Q - 6 potions of heal wounds


   Skills:
 + Level 4.9 Dodging
 - Level 2.4 Stealth
 * Level 25.0 Spellcasting
 * Level 20.1 Conjurations
 * Level 16.0 Fire Magic


You had 5 spell levels left.
You knew the following spells:

 Your Spells              Type           Power      Damage    Failure   Level
a - Magic Dart            Conj           100%       1d8       0%          1
b - Stone Arrow           Conj/Erth      100%       3d13      1%          3
c - Bolt of Magma         Conj/Fire/Erth 53%        4d21      1%          5
d - Iskenderun's Mystic   Conj/Tloc      100%       2d19      1%          4
f - Fireball              Conj/Fire      61%        3d23      0%          5
i - Iron Shot             Conj/Erth      50%        9d10      1%          6
m - Mephitic Cloud        Conj/Pois/Air  88%        N/A       1%          3
o - Orb of Destruction    Conj           64%        9d17      1%          7
s - Sticky Flame          Conj/Fire      100%       2d11      0%          4
y - Ignition              Fire           47%        3d13      1%          8
A - Airstrike             Air            19%        N/A       1%          4
B - Blink                 Tloc           N/A        N/A       1%          2
Y - Fire Storm            Conj/Fire      61%        8d16      11%         9

Your spell library contained the following spells:

 Spells                   Type           Power      Damage    Failure   Level
 Chain Lightning          Conj/Air       50%        3d66      94%         9
 Searing Ray              Conj           100%       3d7       0%          2
 Iskenderun's Battlesphe  Conj           100%       2d15      0%          5
 Animate Skeleton         Necr           76%        N/A       1%          1
 Apportation              Tloc           76%        N/A       1%          1
 Beastly Appendage        Tmut           76%        N/A       1%          1
 Corona                   Hex            42%        N/A       1%          1
 Pain                     Necr           100%       1d9       1%          1
 Summon Small Mammal      Summ           100%       N/A       1%          1
 Call Imp                 Summ           38%        N/A       1%          2
 Corpse Rot               Necr/Air       N/A        N/A       1%          2
 Passwall                 Tmut/Erth      31%        N/A       1%          2
 Sublimation of Blood     Necr           19%        N/A       1%          2
 Wereblood                Tmut           38%        N/A       1%          2
 Call Canine Familiar     Summ           38%        N/A       1%          3
 Dazzling Flash           Conj/Hex       100%       N/A       1%          3
 Frozen Ramparts          Ice            76%        1d9       1%          3
 Gell's Gravitas          Tloc           19%        N/A       1%          3
 Lesser Beckoning         Tloc           19%        N/A       1%          3
 Portal Projectile        Hex/Tloc       76%        N/A       1%          3
 Spider Form              Tmut/Pois      19%        N/A       1%          3
 Swiftness                Air            38%        N/A       1%          3
 Teleport Other           Tloc           38%        N/A       1%          3
 Tukima's Dance           Hex            38%        N/A       1%          3
 Fulminant Prism          Conj/Hex       50%        3d23      1%          4
 Lightning Bolt           Conj/Air       50%        1d71      1%          5
 Yara's Violent Unravell  Hex/Tmut       19%        3d9       5%          5
 Animate Armour           Summ/Erth      76%        N/A       7%          4
 Dispel Undead            Necr           38%        3d16      7%          4
 Ice Form                 Ice/Tmut       38%        N/A       7%          4
 Leda's Liquefaction      Hex/Erth       19%        N/A       7%          4
 Passage of Golubria      Tloc           N/A        N/A       7%          4
 Summon Ice Beast         Ice/Summ       38%        N/A       7%          4
 Summon Lightning Spire   Summ/Air       38%        N/A       7%          4
 Agony                    Necr           38%        N/A       19%         5
 Alistair's Intoxication  Tmut/Pois      25%        N/A       19%         5
 Borgnjor's Vile Clutch   Necr/Erth      19%        N/A       19%         5
 Excruciating Wounds      Necr           19%        N/A       19%         5
 Manifold Assault         Tloc           38%        N/A       19%         5
 Summon Mana Viper        Hex/Summ       38%        N/A       19%         5
 Starburst                Conj/Fire      61%        8x6d16    1%          6
 Spellforged Servitor     Conj/Summ      50%        N/A       2%          7
 Lehudib's Crystal Spear  Conj/Erth      50%        10d12     19%         8
 Eringya's Noxious Bog    Tmut/Pois      19%        N/A       26%         6
 Death Channel            Necr           19%        N/A       71%         6
 Dispersal                Tloc           19%        N/A       71%         6
 Invisibility             Hex            19%        N/A       71%         6
 Ozocubu's Refrigeration  Ice            19%        4d8       78%         7
 Haunt                    Necr/Summ      19%        N/A       99%         7
 Storm Form               Tmut/Air       19%        N/A       99%         7
 Summon Hydra             Summ           19%        N/A       99%         7
 Maxwell's Capacitive Co  Air            19%        ∞         100%        8
 Polar Vortex             Ice            19%        N/A       100%        9
 Shatter                  Erth           19%        3d17*     100%        9


Dungeon Overview and Level Annotations

Branches:
Dungeon (15/15)            Temple (1/1) D:6            Lair (6/6) D:11
 Shoals (1/4) Lair:4       Spider (4/4) Lair:3        Slime (0/5) Lair:5
    Orc (2/2) D:11            Elf (1/3) Orc:2        Vaults (0/5) D:14
 Depths (0/5) D:15          Sewer (visited)           IceCv (visited)

Altars:
Ashenzari
Cheibriados
Dithmenos
Elyvilon
Fedhas
Gozag
Hepliaklqana
Kikubaaqudgha
Makhleb
Nemelex Xobeh
Okawaru
Qazlal
Ru
Sif Muna
Trog
Uskayaw
Vehumet
Wu Jian
Xom
Yredelemnul
Zin
The Shining One
Beogh
Jiyva

Shops:
D:2 (   D:9 =   D:10 :*   Orc:2 (*=!   Elf:1 (

Portals:
Pandemonium: Orc:2
Trove: D:10 (give 8 scrolls of fear)


Message History

Press: ? - help, v - describe, . - travel
Here: a +2 vampiric battleaxe (severely damaged)
The floor.
Unknown command.
Casting: Airstrike (dangerous; 1% risk of failure)
Confirm with . or Enter, or press ? or * to list all spells.
Casting: Ignition (dangerous; 1% risk of failure)
Press: ? - help, Dir - look around, f - activate The air bursts into flame!
The fireball engulfs the fire elemental.
The fire elemental completely resists.
The fireball engulfs the +2 vampiric battleaxe.
The +2 vampiric battleaxe resists.
The +2 vampiric battleaxe is almost destroyed.
The fireball engulfs the deep elf pyromancer!!
You kill the deep elf pyromancer!
Vehumet accepts your kill.
You feel your power returning.
The fire elemental disappears in a puff of smoke!
The +2 vampiric battleaxe hits you. The +2 vampiric battleaxe hits you!
* * * LOW HITPOINT WARNING * * *
Unknown command.
Casting: Ignition (dangerous; 1% risk of failure)
Confirm with . or Enter, or press ? or * to list all spells.
Aiming: Airstrike (dangerous; 1% risk of failure)
Press: ? - help, Dir - move target, f - +2 vampiric battleaxe
Aim: a +2 vampiric battleaxe (severely damaged)
The air twists around and strikes the +2 vampiric battleaxe but does no damage.
The +2 vampiric battleaxe hits you.
* * * LOW HITPOINT WARNING * * *
The +2 vampiric battleaxe draws strength from your wounds!
Casting: Airstrike (dangerous; 1% risk of failure)
Confirm with . or Enter, or press ? or * to list all spells.
Aiming: Airstrike (dangerous; 1% risk of failure)
Press: ? - help, Dir - move target, f/p - +2 vampiric battleaxe
Aim: a +2 vampiric battleaxe (severely damaged)
The air twists around and strikes the +2 vampiric battleaxe!
The +2 vampiric battleaxe is almost destroyed.
The +2 vampiric battleaxe hits you!
You die...

▒ ▒▒▒▒▒▒·▒ ▒▒▒▒▒▒ ▒······▒)· ······
▒§··☼·E·)) ······ ▒·)▒ ▒▒▒▒▒▒ ▒··▒ ······
▒··▒ ······ ▒·(▒ ······ ▒·@▒ ▒▒▒▒▒▒▒ ▒··▒
······· ▒··▒ ··· ·······
▒··▒▒▒▒▒▒▒▒▒▒▒▒▒▒▒▒▒◼▒· ▒▒▒▒▒▒▒
▒····················· ·····
▒···················· ······
▒··▒▒▒▒'▒▒▒▒▒▒▒▒▒▒◼▒▒▒▒▒▒▒▒▒▒▒▒▒▒▒··▒······
▒··▒·[···························▒··▒······
▒··▒···∩·························▒··◼······
▒··▒·····························▒··▒······
▒··▒▒▒▒▒▒▒▒▒◼▒▒▒▒▒▒▒'▒▒▒▒▒▒▒'▒▒▒▒▒··▒▒▒▒▒▒▒
▒··· ·····················(···········
···································
▒▒▒▒▒▒··▒◼▒▒▒▒▒▒▒▒·······▒·····▒···· ▒·?▒
▒·······▒·····▒··[· ▒··▒
·▒·······▒··⌠··▒···· ··▒·······▒·····▒····
▒··◼······▒▒·····▒▒··· ▒·
▒··▒▒▒▒▒▒▒▒[▒▒▒▒▒▒▒ ▒·······▒·····▒····
·······▒·····▒···· ····⌠··[···<)'[·⌠·


You could see a +2 vampiric battleaxe.

Vanquished Creatures
  Saint Roka (Orc:2)
  Jorgrun (D:12)
  2 azure jellies (Lair:5)
  3 ghost moths
  5 emperor scorpions
  Aizul (Spider:3)
  A very ugly thing (D:15)
  An entropy weaver (Spider:1)
  3 spark wasps
  A great orb of eyes (D:15)
  An ice dragon (IceCv)
  5 centaur warriors
  7 boulder beetles
  A vault guard (D:10)
  A rakshasa (D:15)
  An ogre mage (D:13)
  6 hydras
  9 two-headed ogres
  3 dancing weapons
  2 death knights
  5 orc high priests
  6 death yaks (Lair:6)
  Urug (Lair:4)
  A shock serpent (shapeshifter) (D:15)
  A deep elf knight (Elf:1)
  5 skeletal warriors
  2 gelid demonspawn (Orc:2)
  A phantasmal warrior (D:10)
  3 deep elf archers (Elf:1)
  A harpy (Lair:4)
  11 deep elf pyromancers
  2 deep elf zephyrmancers (Elf:1)
  18 orb spiders
  An oklob plant (Lair:6)
  36 wolf spiders
  5 orc knights
  6 cyclopes
  3 moths of wrath
  7 orc sorcerers (Orc:2)
  20 ugly things
  11 elephants
  3 manticores
  A guardian serpent (Lair:6)
  2 ice statues (IceCv)
  11 black mambas
  A merfolk siren (Lair:4)
  An eye of devastation (D:10)
  2 torpor snails
  18 cane toads
  2 orange demons (Orc:2)
  A gargoyle (D:11)
  A smoke demon (Orc:2)
  A kobold demonologist (D:10)
  12 demonic crawlers
  5 rime drakes
  Maggie (D:10)
  A freezing wraith (D:14)
  9 komodo dragons
  An ice devil (Orc:2)
  A hellwing (Orc:2)
  8 trolls
  38 jumping spiders
  A polar bear (shapeshifter) (D:13)
  18 blink frogs
  4 polar bears
  10 hornets
  19 slime creatures
  12 dream sheep
  A blink frog (shapeshifter) (D:15)
  3 air elementals (Elf:1)
  33 tarantellas
  2 shadows
  A water elemental (Elf:1)
  2 wraiths
  73 redbacks
  17 wyverns
  58 yaks
  5 basilisks
  13 vampire mosquitoes
  A golden eye (shapeshifter) (D:15)
  Edmund (D:6)
  The ghost of svalbard the Sneak, an amateur OpDe (D:5)
  5 wargs
  An acid dragon (D:10)
  20 water moccasins
  A black bear (D:11)
  45 orc warriors
  A sky beast (D:6)
  6 ogres
  13 wolves (Lair:1)
  12 centaurs
  2 phantoms
  19 bullfrogs
  Blork the orc (D:6)
  9 kobold brigands
  A gnoll sergeant (D:11)
  A wyvern zombie (D:6)
  7 scorpions (Lair:3)
  An earth elemental (Elf:1)
  A water moccasin skeleton (D:5)
  6 killer bees
  A lindwurm simulacrum (IceCv)
  3 wights (D:7)
  6 electric eels
  4 howler monkeys
  4 centaur zombies
  8 komodo dragon simulacra (IceCv)
  2 bullfrog zombies
  6 hounds
  3 jellies
  2 centaur skeletons
  35 orc priests
  Crazy Yiuf (D:3)
  A gnoll shaman (D:4)
  2 iguanas
  19 orc wizards
  A howler monkey zombie (D:8)
  4 acid dragon simulacra (IceCv)
  12 gnolls
  6 adders
  7 river rats
  2 shadow imps
  3 white imps
  8 steam dragon simulacra (IceCv)
  An ufetubus (D:2)
  An adder skeleton (D:4)
  5 worms
  A dart slug (D:1)
  75 orcs
  10 ball pythons
  4 bat zombies (D:3)
  10 endoplasms
  4 giant cockroaches
  5 hobgoblins
  9 jackals
  4 quokkas
  4 bats
  5 frilled lizards
  9 goblins
  29 kobolds
  33 rats
1097 creatures vanquished.

Vanquished Creatures (others)
  40 fungi
  116 plants
156 creatures vanquished.

Grand Total: 1253 creatures vanquished

Notes
Turn   | Place    | Note
-------+----------+-------------------------------------------
     0 | D:1      | 13572468 the Deep Elf Conjurer began the quest for the Orb.
     0 | D:1      | Reached XP level 1. HP: 10/10 MP: 6/6
   239 | D:1      | Reached XP level 2. HP: 15/15 MP: 1/8
   321 | D:1      | Reached skill level 5 in Conjurations
  1014 | D:1      | Reached XP level 3. HP: 19/19 MP: 7/9
  1300 | D:2      | Found a shimmering blue altar of Sif Muna.
  1809 | D:2      | Reached XP level 4. HP: 24/24 MP: 8/11
  2053 | D:2      | Found Raurena's Antique Weapon Shoppe.
  2487 | D:3      | Learned a level 3 spell: Stone Arrow
  2492 | D:3      | Learned a level 4 spell: Iskenderun's Mystic Blast
  2785 | D:3      | Found an ancient bone altar of Kikubaaqudgha.
  3138 | D:3      | Found a runed translucent door.
  3139 | D:3      | Noticed Crazy Yiuf
  3320 | D:3      | Noticed a phantom
  3327 | D:3      | Killed a phantom
  3328 | D:3      | Reached skill level 4 in Spellcasting
  3328 | D:3      | Reached XP level 5. HP: 15/28 MP: 2/13
  3606 | D:4      | Learned a level 3 spell: Mephitic Cloud
  3754 | D:4      | Found a bloodstained altar of Trog.
  3878 | D:4      | Reached skill level 5 in Spellcasting
  3900 | D:4      | Noticed a water moccasin
  3905 | D:4      | Killed a water moccasin
  3906 | D:4      | Reached XP level 6. HP: 17/32 MP: 2/16
  4542 | D:5      | Entered Level 5 of the Dungeon
  4558 | D:5      | Reached skill level 6 in Spellcasting
  4941 | D:5      | Found a glowing drain.
  4971 | Sewer    | Entered a sewer
  5019 | Sewer    | Reached XP level 7. HP: 36/36 MP: 13/18
  5524 | Sewer    | Reached skill level 7 in Spellcasting
  6008 | Sewer    | Identified the +2 trident "Bugo" {drain, Str+3}
  6529 | D:5      | Reached skill level 8 in Spellcasting
  6655 | D:5      | Reached XP level 8. HP: 29/41 MP: 18/22
  6910 | D:5      | Found a runed translucent door.
  6911 | D:5      | Noticed svalbard's ghost (amateur OpDe)
  6943 | D:5      | Found a glowing golden altar of the Shining One.
  7086 | D:6      | Reached skill level 9 in Spellcasting
  7188 | D:6      | Learned a level 5 spell: Bolt of Magma
  7231 | D:6      | Identified the amulet of Elyvilon's Supremacy {Spirit Str+5
                  | Dex+2}
  7248 | D:6      | Reached skill level 10 in Spellcasting
  7248 | D:6      | Reached skill level 1 in Fire Magic
  7343 | D:6      | Identified the +0 leather armour of Freedom {Rampage MP+9
                  | Str-2}
  7346 | D:6      | Found a staircase to the Ecumenical Temple.
  7353 | Temple   | Entered the Ecumenical Temple
  7817 | D:6      | Found an iron altar of Okawaru.
  7830 | D:6      | Noticed Edmund
  7845 | D:6      | Found a sacrificial altar of Ru.
  7934 | D:6      | Reached skill level 10 in Conjurations
  8309 | D:6      | Killed Edmund
  8310 | D:6      | Reached XP level 9. HP: 45/45 MP: 15/25
  8459 | D:6      | Noticed Blork the orc
  8464 | D:6      | Killed Blork the orc
  8550 | D:6      | Got the Collected Works on Summoning
  8725 | D:3      | Killed Crazy Yiuf
  8889 | D:7      | Reached skill level 11 in Spellcasting
  9350 | D:7      | Reached skill level 12 in Spellcasting
 10056 | D:7      | Found a sparkling altar of Nemelex Xobeh.
 10056 | D:7      | Found a hazy altar of Hepliaklqana.
 10057 | D:7      | Found a radiant altar of Vehumet.
 10058 | D:7      | Found a hide-covered altar of Uskayaw.
 10065 | D:7      | Became a worshipper of Vehumet
 10474 | D:8      | Found a shadowy altar of Dithmenos.
 10673 | D:8      | Reached XP level 10. HP: 50/50 MP: 15/28
 10675 | D:8      | Noticed a centaur warrior
 11025 | D:8      | Learned a level 2 spell: Blink
 11090 | D:8      | Killed a centaur warrior
 11091 | D:8      | Reached skill level 13 in Spellcasting
 11429 | D:8      | Found a burning altar of Makhleb.
 12600 | D:8      | Found a shimmering blue altar of Sif Muna.
 12750 | D:5      | Killed svalbard's ghost
 13001 | D:9      | Found Efamur's Jewellery Boutique.
 13381 | D:9      | Reached * piety under Vehumet
 13381 | D:9      | Offered knowledge of Sandblast by Vehumet.
 13389 | D:8      | Reached skill level 14 in Spellcasting
 13719 | D:9      | Identified the +8 falchion "Caareq" {drain, rF- rN+ rCorr}
 14368 | D:10     | Entered Level 10 of the Dungeon
 14716 | D:10     | Reached skill level 5 in Fire Magic
 15013 | D:10     | Found Tonwehim's General Store.
 15013 | D:10     | Noticed a two-headed ogre
 15018 | D:10     | Reached XP level 11. HP: 54/54 MP: 23/31
 15025 | D:10     | Killed a two-headed ogre
 15145 | D:10     | Bought an amulet of faith for 600 gold pieces
 15243 | D:10     | Found Asmyivaf's Book Shop.
 15245 | D:10     | Identified the +8 rapier "Zitep" {vamp, Will- Str+8}
 15254 | D:10     | Found a transporter.
 15272 | D:10     | Found a viscous altar of Jiyva.
 15290 | D:10     | Noticed Maggie
 15342 | D:10     | Killed Maggie
 15466 | D:10     | Found a transporter.
 15482 | D:10     | Found a stormy altar of Qazlal.
 15579 | D:10     | Noticed a vault guard
 15595 | D:10     | Killed a vault guard
 15596 | D:10     | Reached skill level 15 in Spellcasting
 15649 | D:10     | Noticed a death knight
 15686 | D:10     | Noticed a skeletal warrior
 15686 | D:10     | Noticed a phantasmal warrior
 15693 | D:10     | Killed a phantasmal warrior
 16234 | D:10     | Killed a death knight
 16234 | D:10     | Reached ** piety under Vehumet
 16468 | D:10     | Found a portal to a secret trove of treasure.
 16573 | D:10     | Killed a skeletal warrior
 16573 | D:10     | Offered knowledge of Static Discharge by Vehumet.
 17124 | D:11     | Reached skill level 16 in Spellcasting
 17305 | D:11     | Offered knowledge of Inner Flame by Vehumet.
 17506 | D:11     | Found a staircase to the Lair.
 17527 | D:11     | Reached *** piety under Vehumet
 17812 | D:11     | Found a staircase to the Orcish Mines.
 17843 | D:11     | Reached XP level 12. HP: 59/59 MP: 27/34
 18154 | D:12     | Noticed Jorgrun
 18393 | D:12     | Noticed a death knight
 18411 | D:12     | Killed a death knight
 18501 | D:12     | Learned a level 6 spell: Iron Shot
 18520 | D:12     | Noticed a boulder beetle
 18554 | D:12     | Killed a boulder beetle
 18554 | D:12     | Offered knowledge of Sticky Flame by Vehumet.
 18687 | D:12     | Learned a level 4 spell: Sticky Flame
 18722 | D:12     | Noticed a boulder beetle
 18724 | D:12     | Killed Jorgrun
 18725 | D:12     | Reached skill level 17 in Spellcasting
 18878 | D:12     | Killed a boulder beetle
 19101 | D:12     | Noticed a two-headed ogre
 19111 | D:12     | Killed a two-headed ogre
 19180 | D:12     | Identified the +3 leather armour "Jomug" {*Slow rCorr Str+3
                  | Dex+8}
 19282 | Lair:1   | Entered Level 1 of the Lair of Beasts
 19407 | Lair:1   | Reached skill level 15 in Conjurations
 19418 | Lair:1   | Reached **** piety under Vehumet
 19936 | Lair:1   | Offered knowledge of Ignite Poison by Vehumet.
 20268 | Lair:1   | Noticed an eight-headed hydra
 20273 | Lair:1   | Killed an eight-headed hydra
 20848 | Lair:2   | Reached XP level 13. HP: 63/63 MP: 34/36
 21159 | Lair:2   | Reached skill level 18 in Spellcasting
 21739 | Lair:3   | Found a hole to the Spider Nest.
 22226 | Lair:3   | Identified the +3 long sword of the Imperium {vorpal, rN++}
 22266 | Lair:3   | Reached ***** piety under Vehumet
 22271 | Lair:3   | Offered knowledge of Orb of Destruction by Vehumet.
 22304 | Lair:3   | Learned a level 7 spell: Orb of Destruction
 22891 | D:10     | Bought a book of Fire for 528 gold pieces
 22897 | D:10     | Learned a level 5 spell: Fireball
 23056 | Lair:4   | Found a frozen archway.
 23099 | IceCv    | Entered an ice cave
 23740 | IceCv    | Identified the +0 pair of gloves of Daffodils {rN+ Stlth+}
 23757 | IceCv    | Got Kidofonk's Disquisition on the Snowflakes
 23858 | Lair:4   | Noticed Urug
 23871 | Lair:4   | Killed Urug
 24183 | Lair:4   | Found a staircase to the Shoals.
 24313 | Lair:4   | Reached skill level 19 in Spellcasting
 24347 | Lair:4   | Identified a scroll of acquirement
 24355 | Lair:4   | Acquired 317 gold pieces
 24488 | D:10     | Bought a book of Storms for 384 gold pieces
 24493 | D:10     | Learned a level 4 spell: Airstrike
 25214 | Lair:5   | Reached skill level 10 in Fire Magic
 25394 | Lair:5   | Found a snail-covered altar of Cheibriados.
 25395 | Lair:5   | Found a runed translucent door.
 25450 | Lair:5   | Found a viscous altar of Jiyva.
 25451 | Lair:5   | Noticed an azure jelly
 25452 | Lair:5   | Found a staircase to the Slime Pits.
 25453 | Lair:5   | Noticed an azure jelly
 25461 | Lair:5   | Offered knowledge of Eringya's Noxious Bog by Vehumet.
 25884 | Lair:5   | Reached XP level 14. HP: 68/68 MP: 38/39
 26188 | Lair:5   | Killed an azure jelly
 26189 | Lair:5   | Killed an azure jelly
 26426 | Lair:6   | Entered Level 6 of the Lair of Beasts
 26936 | Lair:6   | Reached skill level 20 in Spellcasting
 27161 | Lair:6   | Found a radiant altar of Vehumet.
 27496 | Lair:6   | Identified the +8 chain mail "Fefeb" {Int+3}
 27578 | Lair:6   | Offered knowledge of Conjure Ball Lightning by Vehumet.
 29241 | Orc:1    | Entered Level 1 of the Orcish Mines
 29246 | Orc:1    | Reached XP level 15. HP: 72/72 MP: 38/41
 29251 | Orc:1    | Reached skill level 21 in Spellcasting
 29252 | Orc:1    | Offered knowledge of Lee's Rapid Deconstruction by Vehumet.
 29412 | Orc:1    | Reached ****** piety under Vehumet
 30049 | Orc:1    | Offered knowledge of Yara's Violent Unravelling by Vehumet.
 30286 | Orc:2    | Entered Level 2 of the Orcish Mines
 30299 | Orc:2    | Learned a level 8 spell: Ignition
 30545 | Orc:2    | Noticed Saint Roka
 30553 | Orc:2    | Killed Saint Roka
 31435 | Orc:2    | Found Onairgha's General Store.
 31438 | Orc:2    | Found Popsox's Distillery.
 31723 | Orc:2    | Bought a potion of lignification for 45 gold pieces
 31753 | Orc:2    | Found a staircase to the Elven Halls.
 32774 | Orc:2    | Found Vuffen's Antique Weapon Shop.
 32774 | Orc:2    | Found Saekk's Jewellery Boutique.
 32775 | Orc:2    | Found a one-way gate leading to the halls of Pandemonium.
 32779 | Orc:2    | Bought an amulet of magic regeneration for 360 gold pieces
 32782 | Orc:2    | Bought a ring of see invisible for 180 gold pieces
 32782 | Orc:2    | Bought the ring of Linearity {rPois Int+4 Dex+3} for 500
                  | gold pieces
 33124 | D:13     | Offered knowledge of Freezing Cloud by Vehumet.
 33388 | D:13     | Found an ornate altar of the Wu Jian Council.
 33702 | D:13     | Reached skill level 22 in Spellcasting
 34530 | D:14     | Found a gate to the Vaults.
 34816 | D:14     | Reached XP level 16. HP: 76/76 MP: 44/44
 35215 | D:15     | Entered Level 15 of the Dungeon
 35563 | D:15     | Identified the +2 chain mail "Bots" {Int+2}
 35943 | D:15     | Offered knowledge of Eringya's Noxious Bog by Vehumet.
 36010 | D:15     | Acquired the ring "Zeungufo" {rPois Will+ Dex+3 SInv}
 36188 | D:15     | Found a staircase to the Depths.
 37111 | D:10     | Bought a There-And-Back Book for 360 gold pieces
 37134 | D:10     | Bought a scroll of teleportation for 45 gold pieces
 37502 | Shoals:1 | Entered Level 1 of the Shoals
 37561 | Spider:1 | Entered Level 1 of the Spider Nest
 37569 | Spider:1 | Reached skill level 23 in Spellcasting
 39094 | Spider:2 | meh
 39351 | Spider:2 | Offered knowledge of Fire Storm by Vehumet.
 39351 | Spider:2 | Offered knowledge of Chain Lightning by Vehumet.
 39419 | Spider:1 | Learned a level 9 spell: Fire Storm
 39787 | Spider:2 | Reached XP level 17. HP: 80/80 MP: 40/46
 39920 | Spider:2 | Reached skill level 15 in Fire Magic
 40305 | Spider:2 | Identified the +0 ring mail of Tuhetos {rN+ Will+ Slay+3}
 40935 | Spider:3 | Noticed Aizul
 41156 | Spider:3 | Killed Aizul
 41413 | Spider:3 | Reached skill level 24 in Spellcasting
 41785 | Spider:3 | Identified the +1 rapier "Miahig Utul" {vorpal, rC+ Will+
                  | Int+2 Stlth+}
 42380 | Spider:3 | Identified the +8 long sword "Xeifruc" {drain, *Slow rPois
                  | Int+6 Stlth+}
 42602 | Spider:4 | Entered Level 4 of the Spider Nest
 43197 | Spider:4 | Identified the +3 long sword of Petuner {venom, Str+5}
 44414 | Spider:4 | Got a gossamer rune of Zot
 44819 | Elf:1    | Entered Level 1 of the Elven Halls
 45075 | Elf:1    | Paralysed by an air elemental for 1 turns
 45220 | Orc:2    | Bought the ring of Ymehoom {rElec AC+4} for 600 gold pieces
 45300 | Elf:1    | Found Ceruf's Antique Weapon Shoppe.
 45334 | Elf:1    | Reached skill level 25 in Spellcasting
 45350 | Elf:1    | Mangled by a +2 vampiric battleaxe

Illustrated notes

▒· s·· ▒· ▒··%
▒·· ····· s
▒·· ·s···
··▒··· ·%····
▒s%··▒▒▒······
▒····≈········
▒·@y··s%·%
▒≈···········
▒··▒···%··▒▒··
▒▒ ▒·······▒
··%%······
··▒·····▒≈^▒
≈≈·▒·%·$▒▒▒▒▒
▒▒≈≈▒····▒


Turn 39094 on Spider:2: meh

Levels and vault maps discovered:
D:1:      lemuel_arrival_behind_the_door_large, layout_basic, dk_noncrumbling_3,
          fountainhead
D:2:      layout_loops_ring, serial_shops, nicolae_shop_trees, basic_altar,
          grunt_ministairs_2, minmay_surrounded
D:3:      minmay_spotlight, layout_basic, lemuel_zombie_altar_kikubaaqudgha,
          uniq_crazy_yiuf_cottage
D:4:      layout_loops_ring, mainiacjoe_overflow_concentric_impassable
D:5:      layout_gridville, kennysheep_mini, gammafunk_ghost_grave,
          gup_sewer_entry_spiral
D:6:      layout_basic, kennysheep_okawaru_gauntlet,
          nicolae_overflow_hidden_temple, minmay_temple_entry_junction_2,
          minivault_1, uniq_edmund, uniq_blork_the_orc
D:7:      layout_basic, chequers_temple_overflow_statue_of_worship
D:8:      hangedman_cross_stitches, layout_layer_cave, grunt_dithmenos_smoke,
          mainiacjoe_overflow_24_doors, lemuel_blue_sif_altar,
          serial_bayou_lake_a
D:9:      layout_basic, serial_shops, kennysheep_little_box
D:10:     gammafunk_jiyva_shrine, layout_irregular_city, grunt_qazlal_sundering,
          enter_trove_5, serial_shops, nicolae_diamond_shop,
          kennysheep_windowed_goal, uniq_maggie
D:11:     layout_small_grid, david_lair_generic, orc_0_dummy
D:12:     layout_gridville, uniq_jorgrun
D:13:     layout_rooms, kennysheep_path_1, minmay_misc_feat_plants,
          nicolae_wu_jian_immortal_techniques
D:14:     layout_long_grid, erik_vaults_1, serial_park_tiny_pond, minmay_between
D:15:     gammafunk_enter_depths_forms, layout_rooms,
          chequers_serial_rivers_small_b, hex_tiny
Temple:   compressed_dpeg_triangle_lava_temple
Lair:1:   layout_loops_ring
Lair:2:   layout_small_grid
Lair:3:   layout_loops_ring, nicolae_spider_entry_non_spiders, lemuel_fruit_tree
Lair:4:   layout_small_grid, minmay_shoals_entry_lonely_mermaid,
          portal_ice_cave_entry_pillars_2, cheibrodos_lair_reptile_den,
          infiniplex_staircase_pool, uniq_urug
Lair:5:   layout_cave_shapes, slime_altar_2, basic_altar, serial_bayou,
          serial_bayou_pond_a, serial_bayou_lagoon_a, serial_bayou_pond_a,
          serial_bayou_shore_b, serial_bayou_ford_a, serial_bayou_crossing
Lair:6:   hangedman_lair_tendril_chambers, layout_long_grid,
          lemuel_centaur_altar
Shoals:1: nicolae_shoals_mermall, layout_shoals, uniq_frances
Spider:1: layout_chambers, nicolae_spider_wall_of_niches,
          hangedman_spider_tarantella_strand
Spider:2: layout_spider_delve
Spider:3: layout_chambers, uniq_aizul
Spider:4: grunt_spider_rune_parallel
Orc:1:    layout_caves
Orc:2:    pf_orc_diabolical, layout_caves, minmay_orc_temple_b, uniq_saint_roka
Elf:1:    minmay_elf_arrival_plus, layout_onion_city, serial_shops, shop,
          minivault_28

Skill      XL: |  1  2  3  4  5  6  7  8  9 10 11 12 13 14 15 16 17 |
---------------+----------------------------------------------------+-----
Conjurations   | 5 6 7 8 10 11 12 14 15 16 17 18 19 20 | 20.1
Spellcasting   | 4 5 6 8 10 12 14 16 17 19 20 22 23 25 | 25.0
Dodging        | 3 4 |  4.9
Fire Magic     | 1 3 5 6 8 10 12 13 14 16 | 16.0
Stealth        | |  2.4

Action                   |  1- 3 |  4- 6 |  7- 9 | 10-12 | 13-15 | 16-18 || total
-------------------------+-------+-------+-------+-------+-------+-------++-------
 Cast: Magic Dart        |    89 |   121 |   192 |   133 |    83 |     9 ||   627
       Stone Arrow       |       |    11 |    86 |   150 |    43 |     1 ||   291
       Mephitic Cloud    |       |       |     6 |    31 |     1 |     1 ||    39
       Bolt of Magma     |       |       |       |    98 |   147 |    76 ||   321
       Blink             |       |       |       |     1 |     3 |     4 ||     8
       Fireball          |       |       |       |       |   249 |   197 ||   446
       Iron Shot         |       |       |       |       |    24 |    16 ||    40
       Orb of Destructio |       |       |       |       |    29 |    24 ||    53
       Airstrike         |       |       |       |       |     8 |    36 ||    44
       Iskenderun's Myst |       |       |       |       |     7 |     5 ||    12
       Ignition          |       |       |       |       |       |    42 ||    42
Evoke: Wand              |       |       |       |       |       |     1 ||     1
  Use: Potion            |     6 |     2 |     1 |     4 |     1 |     5 ||    19
       Scroll            |     3 |     4 |     5 |     7 |     5 |     4 ||    28
Armor: Robe              |     3 |     3 |    14 |    18 |     8 |    24 ||    70
Dodge: Dodged            |     5 |     7 |    39 |    55 |    23 |    38 ||   167

Table legend: (Time is in decaauts)
 A = Elapsed time spent in this place.
 B = Non-inter-level travel time spent in this place.
 C = Inter-level travel time spent in this place.
 D = Time resting spent in this place.
 E = Time spent auto-exploring this place.
 F = Levels seen in this place.
 G = Mean time per level.
                   A        B        C        D        E       F      G
               +--------+--------+--------+--------+--------+-----+--------+
         Total |  45575 |  41157 |   4418 |   7875 |  26840 |  32 | 1424.2 |
       Dungeon |  22744 |  20452 |   2292 |   4654 |  12437 |  15 | 1516.3 |
        Temple |    318 |    309 |      9 |      0 |    306 |   1 |  318.0 |
          Lair |   9363 |   8350 |   1013 |   1033 |   6324 |   6 | 1560.5 |
        Shoals |      4 |      4 |      0 |      0 |      0 |   1 |    4.0 |
   Spider Nest |   7105 |   6454 |    651 |    167 |   5457 |   4 | 1776.2 |
  Orcish Mines |   3813 |   3414 |    399 |   1546 |   1129 |   2 | 1906.5 |
   Elven Halls |    285 |    232 |     53 |     51 |     95 |   1 |  285.0 |
         Sewer |   1201 |   1201 |      0 |    248 |    743 |   1 | 1201.0 |
      Ice Cave |    737 |    737 |      0 |    176 |    349 |   1 |  737.0 |
               +--------+--------+--------+--------+--------+-----+--------+

Top non-repeatable levels by time:
   Orc:2: 3001 daAuts
    D:10: 2566 daAuts
  Lair:6: 2396 daAuts
     D:8: 2378 daAuts
Spider:3: 2268 daAuts
Spider:1: 2201 daAuts
    D:11: 2140 daAuts
     D:7: 1795 daAuts
  Lair:1: 1670 daAuts
     D:5: 1498 daAuts
  Lair:4: 1476 daAuts
     D:3: 1470 daAuts
    D:12: 1415 daAuts
    D:14: 1380 daAuts
  Lair:5: 1369 daAuts
